 Dungeon Crawl Stone Soup version 0.28.0-43-g3370ac3207 (webtiles) character file.

Game seed: 4924797268852306377

42 mern the Skirmisher (level 3, 0/29 HPs)
             Began as a Demonspawn Monk on Apr 1, 2022.
             Slain by an orc
             ... wielding a +0 trident
              (7 damage)
             ... on level 5 of the Dungeon.
             The game lasted 00:05:51 (2451 turns).

mern the Skirmisher (Demonspawn Monk)               Turns: 2451, Time: 00:05:51

Health: 0/29       AC:  6    Str: 13    XL:     3   Next: 35%
Magic:  3/3        EV: 12    Int: 11    God:
Gold:   90         SH:  0    Dex: 21    Spells: 2/2 levels left

rFire   . . .      SeeInvis .   b - +0 dagger
rCold   . . .      Faith    .   (no shield)
rNeg    . . .      Spirit   .   g - +0 ring mail
rPois   .          Reflect  .   (no helmet)
rElec   .          Harm     .   (no cloak)
rCorr   .          Rampage  .   (no gloves)
Will    .....                   i - +0 pair of boots
Stlth   ++........              (no amulet)
HPRegen 0.09/turn               e - +6 ring of dexterity
MPRegen 0.08/turn               (no ring)

@: about to teleport
A: claws 1, powered by pain 1
a: no special abilities


You were on level 5 of the Dungeon.
You visited 1 branch of the dungeon, and saw 4 of its levels.

You collected 90 gold pieces.

Inventory:

Hand Weapons
 b - a +0 dagger (weapon)
Armour
 g - a +0 ring mail (worn)
 i - a +0 pair of boots (worn)
Jewellery
 e - a +6 ring of dexterity (left claw)
Scrolls
 d - a scroll of identify
 f - a scroll of silence {unknown}
 h - a scroll of summoning {unknown}
 j - a scroll of noise {unknown}
 l - a scroll of torment {unknown}
Potions
 a - a potion of lignification
 k - a potion of might {unknown}
 m - a potion of brilliance {unknown}


   Skills:
 + Level 3.3 Fighting
 + Level 0.4 Armour
 + Level 3.0 Dodging
 + Level 2.2 Stealth
 * Level 3.2 Unarmed Combat


You had 2 spell levels left.
You didn't know any spells.
Your spell library was empty.

Dungeon Overview and Level Annotations

Branches:
Dungeon (3/15)

Altars:
Vehumet


Innate Abilities, Weirdness & Mutations

You have sharp fingernails.
You sometimes gain a little power by taking damage.


Message History

The orc is severely wounded.
The orc hits you with a +0 dagger.
You hit the orc.
You kill the orc!
You open the door.
A centaur zombie comes into view.
The orc hits you but does no damage.
Found a robe and a red potion.
You hit the centaur zombie.
The centaur zombie is lightly damaged.
The orc hits you from afar with a +0 trident.
The orc hits you but does no damage. The centaur zombie hits you.
The centaur zombie barely misses you.
Okay, then.
As you read the scroll labelled ROYGASTR WIOSH, it crumbles to dust.
It is a scroll of identify.
a - a potion of lignification The orc closely misses you.
The centaur zombie hits you.
The centaur zombie kicks you but does no damage.
Really quaff the potion of lignification?
Okay, then.
Unknown command.
Unknown command.
As you read the scroll labelled OFFOL KAPNAP, it crumbles to dust.
You feel strangely unstable.
It was a scroll of teleportation.
The centaur zombie hits you but does no damage.
The centaur zombie completely misses you.
The orc barely misses you. The orc hits you but does no damage.
The centaur zombie hits you but does no damage.
The centaur zombie closely misses you.
You closely miss the orc.
The orc is severely wounded.
The orc closely misses you. The orc hits you but does no damage.
The centaur zombie hits you.
* * * LOW HITPOINT WARNING * * *
The centaur zombie barely misses you.
You hit the orc.
You kill the orc!
The orc hits you from afar with a +0 trident!
You die...

###### #### #....# .!...
##.o.)#...... ..
#..oo@Z......
##.#########.#####....[.
.............# #####
.............#
.......oo...#
............#
...#.......#
######..##.###.
...............


You could see 3 orcs and a centaur zombie.

Vanquished Creatures
  2 dart slugs
  2 orcs (D:5)
  3 endoplasms
  3 giant cockroaches
  7 goblins
  2 hobgoblins
  2 quokkas
  5 ball pythons
  3 bats
  4 frilled lizards
  A kobold (D:1)
  4 rats
38 creatures vanquished.

Notes
Turn   | Place    | Note
-------+----------+-------------------------------------------
     0 | D:1      | mern the Demonspawn Monk began the quest for the Orb.
     0 | D:1      | Reached XP level 1. HP: 18/18 MP: 1/1
   264 | D:1      | Gained mutation: You have sharp fingernails. [demonic
                  | ancestry]
   264 | D:1      | Reached XP level 2. HP: 13/24 MP: 2/2
   877 | D:1      | Found a faded altar of an unknown god.
  1489 | D:2      | Gained mutation: You sometimes gain a little power by
                  | taking damage. [demonic ancestry]
  1489 | D:2      | Reached XP level 3. HP: 29/29 MP: 3/3
  2244 | D:3      | Found a radiant altar of Vehumet.
  2419 | D:3      | You fall into a shaft and drop 2 floors!
  2419 | D:5      | Entered Level 5 of the Dungeon
  2451 | D:5      | Slain by an orc

Illustrated notes

Levels and vault maps discovered:
D:1:      minmay_arrival_plants_in_alcoves, layout_loops_ring,
          chequers_ecumenical_altar_twisty, item_on_display_a
D:2:      layout_basic, grunt_ministairs_5
D:3:      layout_basic, fiery_altar_vehumet, hex_intersection
D:5:      nicolae_BIG_FREAKIN_CUBE, layout_basic,
          mainiacjoe_overflow_catch_the_wave

Skill      XL: |  1  2 |
---------------+-------+-----
Stealth        | 2 |  2.2
Unarmed Combat | 3 |  3.2
Dodging        | 3 |  3.0
Fighting       | |  3.3
Armour         | |  0.4

Action                   || total
-------------------------++-------
Melee: Dagger            ||   173
       Unarmed           ||     3
       Punch             ||     3
  Use: Potion            ||     1
       Scroll            ||     2
 Stab: Sleeping          ||     4
Armor: Robe              ||     6
       Ring mail         ||    47
Dodge: Dodged            ||   115
